 Dungeon Crawl Stone Soup version 0.20-a0-618-gbb8d3ca (webtiles) character file.

1209 Kiturien the Fighter (level 8, -1/79 HPs)
             Began as a Hill Orc Fighter on Feb 9, 2017.
             Shot with an arrow by a centaur (9 damage)
             ... on level 6 of the Dungeon.
             The game lasted 00:11:09 (4461 turns).

Kiturien the Fighter (Hill Orc Fighter)             Turns: 4461, Time: 00:11:09

Health: -1/79      AC: 11    Str: 21    XL:     8   Next: 45%
Magic:  8/8        EV:  6    Int:  8    God:
Gold:   187        SH:  9    Dex: 10    Spells: 7/7 levels left

rFire    . . .     SeeInvis .   a - +0 war axe
rCold    . . .     Gourm    .   n - +0 chain mail
rNeg     . . .     Faith    .   c - +0 shield
rPois    .         Spirit   .   (no helmet)
rElec    .         Reflect  .   (no cloak)
rCorr    .         Harm     .   r - +0 pair of gloves
MR       .....                  (no boots)
Stlth    ..........             (no amulet)
Regen    0.3/turn               (no ring)
                                p - +3 ring of slaying

@: no status effects
A: no striking features
a: no special abilities


You were on level 6 of the Dungeon.
You were not hungry.

You visited 1 branch of the dungeon, and saw 6 of its levels.

You collected 187 gold pieces.

Inventory:

Hand Weapons
 a - a +0 war axe (weapon)
Armour
 c - a +0 shield (worn)
 n - a +0 chain mail (worn)
 r - a +0 pair of gloves (worn)
Jewellery
 p - a +3 ring of slaying (left hand)
 C - a +4 amulet of reflection {unknown}
Wands
 u - a wand of polymorph (12/24)
Scrolls
 b - 3 scrolls of fog {unknown}
 e - 5 scrolls of identify
 k - 3 scrolls of enchant armour {unknown}
 l - a scroll of immolation {unknown}
 m - 2 scrolls of teleportation {unknown}
 o - a scroll of blinking {unknown}
 s - a scroll of noise {unknown}
 y - a scroll of amnesia {unknown}
 z - a scroll of remove curse {unknown}
Potions
 d - a potion of might
 h - 2 potions of brilliance
 i - a potion of haste {unknown}
 j - 2 potions of curing
 q - a potion of magic
 t - a potion of agility
 v - 2 potions of beneficial mutation {unknown}
 x - a potion of cure mutation {unknown}
 A - a potion of mutation {unknown}
 B - a potion of cancellation {unknown}
Comestibles
 f - 6 bread rations
 g - 3 meat rations
 w - 2 fruits


   Skills:
 + Level 10.2 Fighting
 - Level 3.1 Axes
 + Level 5.4 Armour
 + Level 1.4 Dodging
 + Level 4.7 Shields


You had 7 spell levels left.
You didn't know any spells.

Dungeon Overview and Level Annotations

Branches:
Dungeon (6/15)
 Temple: D:4-7

Altars:
Dithmenos
Fedhas
Gozag
Hepliaklqana
Kikubaaqudgha


Message History

You slash the ice beast!
You kill the ice beast!
You hit the bullfrog.
The bullfrog hits you but does no damage.
You block the bullfrog's attack.
Your chain mail prevents you from hitting the bullfrog.
The bullfrog is severely wounded.
The bullfrog hits you.
* * * LOW HITPOINT WARNING * * *
You block the bullfrog's attack.
The centaur shouts!
You hit the bullfrog.
The bullfrog is almost dead.
The centaur unwields an uncursed war axe.
The centaur wields a runed shortbow.
The centaur shoots an arrow.
The arrow hits you!
* * * LOW HITPOINT WARNING * * *
The bullfrog hits you but does no damage. x2
The centaur shoots an arrow.
The arrow hits you!
You die...

...... ...
#...).. ....
#.....# ###≈...
#.....# §§≈≈...
#.....##.§.....
#......#.......
#......#.......
##...F.†...c....
.#
#.....@#........
.#
#......#.......)
.#
#......#.....c..
.# ###
#....###........
.# ..# #....#
#.F.....)
.#.####.# #....#
##.......
.#....#.# #....#
.>..$..
.#.##.#.###....#
....#..........#


You could see a bullfrog and a centaur.

Vanquished Creatures
  Sigmund (D:5)
  The ghost of M4edhros the Sneak, an amateur OpAr (D:5)
  An ice beast (D:6)
  2 ogres
  A bullfrog (D:6)
  2 howler monkeys
  A crimson imp (D:6)
  A bullfrog zombie (D:5)
  4 hounds
  An orc wizard (D:4)
  Ijyb (D:2)
  Jessica (D:2)
  2 bullfrog skeletons
  An iguana (D:5)
  2 worker ants
  2 gnolls
  5 adders
  2 worms
  4 leopard geckos
  3 orcs (D:4)
  3 giant cockroaches
  9 goblins
  6 hobgoblins
  5 jackals
  13 kobolds
  2 quokkas
  2 ball pythons
  7 bats
  9 frilled lizards
  A quokka zombie (D:5)
  8 rats
  2 bushes (D:3)
  2 plants (D:3)
107 creatures vanquished.

Notes
Turn   | Place    | Note
-------+----------+-------------------------------------------
     0 | D:1      | Kiturien the Hill Orc Fighter began the quest for the Orb.
     0 | D:1      | Reached XP level 1. HP: 19/19 MP: 1/1
   183 | D:1      | Reached XP level 2. HP: 23/27 MP: 2/2
   575 | D:1      | Reached skill level 4 in Fighting
   633 | D:1      | Reached XP level 3. HP: 33/33 MP: 3/3
  1045 | D:2      | Found a hazy altar of Hepliaklqana.
  1134 | D:2      | Noticed Ijyb
  1153 | D:2      | Killed Ijyb
  1153 | D:2      | Reached skill level 5 in Fighting
  1153 | D:2      | Reached XP level 4. HP: 42/42 MP: 4/4
  1225 | D:2      | Found an opulent altar of Gozag.
  1331 | D:2      | Noticed Jessica
  1334 | D:2      | Killed Jessica
  1938 | D:3      | Reached XP level 5. HP: 49/50 MP: 5/5
  1940 | D:3      | Reached skill level 6 in Fighting
  2519 | D:4      | Noticed an ogre
  2529 | D:4      | Killed an ogre
  2529 | D:4      | Reached skill level 7 in Fighting
  2529 | D:4      | Reached XP level 6. HP: 10/60 MP: 6/6
  3060 | D:4      | Found a shadowy altar of Dithmenos.
  3060 | D:4      | Found an ancient bone altar of Kikubaaqudgha.
  3258 | D:4      | Reached skill level 8 in Fighting
  3542 | D:4      | Reached XP level 7. HP: 62/69 MP: 7/7
  3629 | D:5      | Entered Level 5 of the Dungeon
  3756 | D:5      | Noticed Sigmund
  3862 | D:5      | Killed Sigmund
  3862 | D:5      | Reached skill level 9 in Fighting
  3899 | D:5      | Found a blossoming altar of Fedhas.
  4033 | D:5      | Noticed M4edhros's ghost (amateur OpAr)
  4040 | D:5      | Killed M4edhros's ghost
  4040 | D:5      | Reached skill level 1 in Dodging
  4135 | D:5      | Reached XP level 8. HP: 78/78 MP: 8/8
  4401 | D:6      | Reached skill level 10 in Fighting
  4401 | D:6      | Reached skill level 5 in Armour
  4461 | D:6      | Shot with an arrow by a centaur

Vault maps used:
D:1:      grunt_arrival_crossed_arrows
D:2:      overflow_temple_1_default, overflow_temple_1_default, first_bread,
          uniq_jessica, uniq_iyjb
D:3:      lexackson_kobold_supper
D:4:      gammafunk_temple_overflow_elements, cheibrodos_gnoll_hut
D:5:      fedhas_altar_1, uniq_sigmund
D:6:      gammafunk_temple_overflow_claw, kennysheep_mini,
          overflow_temple_1_default, minmay_temple_entry_enclosed_plants,
          serial_shops, kennysheep_mini_moat

Skill      XL: |  1  2  3  4  5  6  7  8 |
---------------+-------------------------+-----
Fighting       | 4 5 7 8 9 10 | 10.2
Axes           | 3 |  3.1
Armour         | 4 5 |  5.4
Shields        | 4 |  4.7
Dodging        | 1 |  1.4

Action                   |  1- 3 |  4- 6 |  7- 9 || total
-------------------------+-------+-------+-------++-------
Melee: War axe           |    95 |   237 |    83 ||   415
  Use: Scroll            |       |     5 |       ||     5
       Potion            |       |     1 |     1 ||     2
  Eat: Chunk             |     1 |     7 |     3 ||    11
       Fruit             |       |     1 |       ||     1
Armor: Scale mail        |    31 |       |       ||    31
       Chain mail        |     9 |    62 |    58 ||   129
Dodge: Dodged            |    35 |    34 |    22 ||    91
Block: Shield            |    57 |    72 |    43 ||   172
